Map: Oblivion Express

Players

raincamp

  • Race: Protoss Protoss
  • Spawn Location: 12:00

raincamp

  • Race: Terran Terran
  • Spawn Location: 0:00

VOD

Have the link to the VOD?

Description

Time

  • Played on: Aug. 18, 2017, 7:41 p.m.
  • Length: 24:44
Show
View Real Time Build Order
Export as new Build Order

raincamp Protoss 

Build Orders:  

Get SALT Encoding   

  12  0:02  Probe (Chrono Boost)  
  13  0:14  Probe (Chrono Boost)  
  14  0:26  Probe (Chrono Boost)  
  15  1:06  Nexus  
  15  1:18  Probe (Chrono Boost)  
  15  1:20  Pylon  
  16  1:31  Probe (Chrono Boost)  
  17  1:40  Assimilator  
  17  1:43  Probe (Chrono Boost)  
  17  1:47  Assimilator  
  18  1:55  Probe (Chrono Boost)  
  19  2:07  Probe (Chrono Boost)  
  20  2:19  Probe (Chrono Boost)  
  20  2:23  Forge  
  21  2:31  Probe (Chrono Boost)  
  22  2:43  Probe (Chrono Boost)  
  22  2:48  Probe (Chrono Boost)  
  23  2:55  Probe (Chrono Boost)  
  25  3:00  Probe (Chrono Boost)  
  25  3:07  Assimilator, Probe (Chrono Boost)  
  27  3:12  Assimilator, Probe (Chrono Boost)  
  27  3:19  Probe (Chrono Boost)  
  28  3:24  Probe (Chrono Boost)  
  30  3:31  Probe (Chrono Boost)  
  30  3:36  Probe (Chrono Boost)  
  32  3:48  Probe (Chrono Boost)  
  32  3:49  Probe (Chrono Boost)  
  34  4:00  Probe (Chrono Boost)  
  34  4:01  Probe (Chrono Boost)  
  36  4:10  Pylon  
  36  4:12  Khaydarin Monolith  
  36  4:15  Probe (Chrono Boost)  
  36  4:16  Solar Efficiency Level 1, Probe (Chrono Boost)  
  38  4:27  Probe (Chrono Boost)  
  38  4:28  Probe (Chrono Boost)  
  38  4:38  Probe (Chrono Boost)  
  40  4:40  Probe (Chrono Boost)  
  42  4:53  Probe  
  42  4:56  Probe  
  44  5:05  Probe  
  44  5:11  Probe  
  44  5:12  Khaydarin Monolith  
  46  5:20  Probe  
  46  5:24  Pylon  
  47  5:30  Khaydarin Monolith  
  47  5:43  Khaydarin Monolith  
  47  5:50  Probe  
  48  6:07  Photon Cannon  
  48  6:08  Enhanced Targeting (Chrono Boost)  
  48  6:11  Photon Cannon  
  48  6:25  Pylon  
  48  6:28  Photon Cannon  
  48  6:32  Photon Cannon  
  48  7:02  Gateway  
  48  7:18  Khaydarin Monolith  
  48  7:21  Pylon  
  48  7:24  Khaydarin Monolith  
  48  7:27  Optimized Ordinance (Chrono Boost)  
  48  7:32  Khaydarin Monolith  
  48  8:10  Cybernetics Core  
  48  8:19  Shield Battery  
  48  8:21  Khaydarin Monolith  
  48  8:24  Khaydarin Monolith  
  48  8:42  Khaydarin Monolith  
  48  9:04  Warp Gate  
  48  9:06  Fortification Barrier (Chrono Boost)  
  48  9:21  Pylon  
  48  9:28  Robotics Facility  
  48  9:29  Khaydarin Monolith  
  48  9:34  Twilight Council  
  48  9:44  Khaydarin Monolith  
  48  9:54  Shield Battery  
  48  9:58  Shield Battery  
  48  10:17  Probe  
  49  10:33  Pylon  
  49  10:52  Khaydarin Monolith  
  49  10:53  Khaydarin Monolith  
  49  10:56  Shield Battery  
  49  10:57  Shield Battery  
  49  11:00  Shield Battery  
  49  11:01  Photon Cannon  
  49  11:02  Photon Cannon  
  49  11:07  Energizer  
  51  11:13  Khaydarin Monolith  
  51  11:28  Pylon  
  51  11:35  Energizer  
  53  11:54  Observer  
  54  12:08  Khaydarin Monolith x2  
  54  12:13  Khaydarin Monolith  
  54  12:15  Energizer  
  56  12:31  Photon Cannon  
  56  12:32  Energizer  
  56  12:38  Observer  
  57  12:54  Energizer  
  59  13:05  Pylon  
  59  13:19  Khaydarin Monolith  
  59  13:23  Observer  
  60  13:49  Observer  
  60  13:50  Khaydarin Monolith  
  60  13:52  Energizer  
  63  14:00  Pylon  
  63  14:04  Shield Battery  
  63  14:05  Shield Battery  
  63  14:09  Photon Cannon  
  63  14:12  Khaydarin Monolith  
  63  14:20  Probe  
  64  14:34  Probe  
  64  14:57  Khaydarin Monolith  
  64  15:02  Observer  
  64  15:44  Khaydarin Monolith  
  64  15:47  Photon Cannon x2  
  64  15:52  Pylon  
  64  15:53  Khaydarin Monolith  
  64  15:54  Khaydarin Monolith  
  64  16:08  Khaydarin Monolith  
  64  16:11  Photon Cannon  
  64  16:14  Photon Cannon  
  64  16:17  Photon Cannon  
  64  16:19  Photon Cannon  
  64  16:21  Shield Battery x2  
  64  16:24  Shield Battery  
  64  16:53  Energizer  
  64  16:55  Khaydarin Monolith  
  64  16:57  Khaydarin Monolith  
  66  17:04  Pylon  
  66  17:06  Khaydarin Monolith  
  66  17:17  Khaydarin Monolith  
  66  17:19  Observer  
  66  17:26  Energizer  
  66  17:27  Observer  
  69  17:37  Solar Efficiency Level 2  
  69  17:42  Khaydarin Monolith  
  69  17:49  Pylon  
  69  18:06  Khaydarin Monolith  
  68  18:33  Probe x2  
  70  19:01  Probe  
  71  19:12  Energizer  
  73  19:20  Pylon  
  73  19:24  Khaydarin Monolith  
  73  19:27  Khaydarin Monolith  
  73  19:30  Observer  
  73  19:31  Pylon  
  73  19:38  Khaydarin Monolith  
  74  20:01  Khaydarin Monolith  
  74  20:06  Pylon  
  74  20:10  Khaydarin Monolith  
  74  20:17  Khaydarin Monolith  
  73  20:52  Photon Cannon  
  73  21:09  Khaydarin Monolith  
  73  21:20  Pylon  
  73  21:21  Khaydarin Monolith  
  73  21:24  Khaydarin Monolith  
  73  21:26  Khaydarin Monolith  
  73  21:35  Observer  
  73  21:36  Khaydarin Monolith  
  74  21:40  Energizer  
  74  21:43  Observer  
  74  21:49  Khaydarin Monolith  
  76  21:56  Pylon  
  76  22:16  Khaydarin Monolith  
  76  22:24  Khaydarin Monolith  
  75  22:40  Khaydarin Monolith  
  75  22:48  Photon Cannon  
  75  22:55  Pylon  
  75  23:00  Energizer  
  73  23:33  Khaydarin Monolith x2  
  73  23:48  Khaydarin Monolith  
  73  23:56  Khaydarin Monolith  
Show
View Real Time Build Order
Export as new Build Order

raincamp Terran 

Build Orders:  

Get SALT Encoding   

Tags
 
Add a new tag
Caveats
  • Supply blocks, unpowered buildings, or Contaminate may cause inaccurate times.
  • Supply counts are checked every 10 seconds.